 Dungeon Crawl Stone Soup version 0.26.1-2-gb8aa6d0cf2 (webtiles) character file.

Game seed: 2283665179067584765

225 Havoc the Gusty (level 5, -2/38 HPs)
             Began as a Draconian Air Elementalist on Mar 3, 2021.
             Killed from afar by an orc wizard (3 damage)
             ... with a magic dart
             ... on level 4 of the Dungeon.
             The game lasted 00:12:48 (2662 turns).

Havoc the Gusty (Draconian Air Elementalist)        Turns: 2662, Time: 00:12:48

Health: -2/38      AC:  6    Str:  7 (10) XL:     5   Next: 68%
Magic:  0/8        EV: 12    Int: 15 (16) God:
Gold:   133        SH:  0    Dex:  9 (12) Spells: 3/9 levels left

rFire    . . .     SeeInvis .   q - +3 war axe (vorpal)
rCold    . . .     Faith    .   (no shield)
rNeg     . . .     Spirit   .   (armour unavailable)
rPois    .         Reflect  .   (helmet restricted)
rElec    .         Harm     .   (no cloak)
rCorr    .         Rampage  .   e - +0 pair of gloves
Will     .....                  (no boots)
Stlth    ++........             (no amulet)
HPRegen  0.12/turn              (no ring)
MPRegen  0.11/turn              (no ring)

@: mighty, slowed, very slow
A: unfitting armour, cold-blooded, AC +5
a: no special abilities


You were on level 4 of the Dungeon.
You visited 1 branch of the dungeon, and saw 4 of its levels.

You collected 133 gold pieces.

Inventory:

Hand Weapons
 l - a +0 flail of protection
 q - a +3 vorpal war axe (weapon)
Armour
 e - a +0 pair of gloves (worn)
Wands
 k - a wand of flame (13)
Scrolls
 a - a scroll of identify {unknown}
 b - 4 scrolls of teleportation {unknown}
 c - a scroll of enchant armour {unknown}
 f - a scroll of fear {unknown}
 h - 2 scrolls of immolation {unknown}
 i - a scroll of enchant weapon {unknown}
 m - a scroll of remove curse {unknown}
 n - a scroll of noise {unknown}
 o - a scroll of amnesia {unknown}
 p - a scroll of blinking {unknown}
 s - a scroll of magic mapping {unknown}
Potions
 d - a potion of lignification {unknown}
 g - a potion of curing {unknown}
 j - 2 potions of might
 r - a potion of degeneration


   Skills:
 - Level 1.7 Dodging
 - Level 1.7 Stealth
 - Level 2.5 Spellcasting
 + Level 3.8 Conjurations
 + Level 4.8 Air Magic


You had 3 spell levels left.
You knew the following spells:

 Your Spells              Type           Power        Failure   Level
a - Shock                 Conj/Air       56%          3%          1
b - Swiftness             Air            16%          4%          2
c - Static Discharge      Conj/Air       14%          11%         3

Your spell library contained the following spells:

 Spells                   Type           Power        Failure   Level
 Airstrike                Air            8%           28%         4
 Lightning Bolt           Conj/Air       7%           69%         5


Dungeon Overview and Level Annotations

Branches:
Dungeon (4/15)
 Temple: D:4-7

Altars:

Annotations:
D:4 1 runed translucent door, hgbash's ghost, amateur GrEE


Innate Abilities, Weirdness & Mutations

Your plain brown scales are hard. (AC +5)
You cannot fit into any form of body armour.
You are cold-blooded and may be slowed by cold attacks.


Message History

The magic dart hits you.
* * * LOW HITPOINT WARNING * * *
Things that are here:
a +0 dagger; a +0 robe The orc wizard hits you with a +0 dagger.
* * * LOW HITPOINT WARNING * * *
Casting: Shock (safe; 3% risk of failure)
Confirm with . or Enter, or press ? or * to list all spells.
Aiming: Shock (safe; 3% risk of failure)
Press: ? - help, Shift-Dir - straight line, f - orc wizard
Aim: an orc wizard, wielding a +0 dagger and wearing a +1 robe of the Archmagi (36% to evade)
The zap misses the orc wizard.
The orc wizard hits you but does no damage.
The orc wizard barely misses you.
There is an open door here.
The orc wizard hits you with a +0 dagger.
* * * LOW HITPOINT WARNING * * *
The orc wizard gestures at you while chanting.
The magic dart hits you.
You die...

..##......#......#......#.....
(.........#......#......+.....
..........#......#......#.....
..........#......#......#.....
.......)).#......#......#.....
........).'......#......#.....
..#########o.....#......#.....
#......#.....##.....
#..@...#.....######.
#......#.....#....#.
#......#.....#....#.
#......#.....#....#.
#).....#.....#....#.
#......#.....#....#.
#......#.....#....'.
#......#.....#....#.
#...####.###.


You could see an orc wizard.

Vanquished Creatures
  2 orc wizards (D:4)
  A worker ant (D:4)
  Terence (D:2)
  Robin (D:2)
  3 adders
  2 worms
  A leopard gecko (D:2)
  2 orcs
  A ball python (D:1)
  10 bats
  7 hobgoblins
  9 jackals
  A quokka (D:2)
  7 frilled lizards
  17 goblins
  5 kobolds
  6 rats
76 creatures vanquished.

Notes
Turn   | Place    | Note
-------+----------+-------------------------------------------
     0 | D:1      | Havoc the Draconian Air Elementalist began the quest for
                  | the Orb.
     0 | D:1      | Reached XP level 1. HP: 14/14 MP: 3/3
   296 | D:1      | Reached XP level 2. HP: 20/20 MP: 1/5
   587 | D:1      | Learned a level 2 spell: Swiftness
   885 | D:2      | Noticed Robin
   888 | D:2      | Reached XP level 3. HP: 26/26 MP: 2/6
   967 | D:1      | Learned a level 3 spell: Static Discharge
   979 | D:2      | Killed Robin
  1291 | D:2      | Reached XP level 4. HP: 32/33 MP: 3/7
  1471 | D:2      | Noticed Terence
  1478 | D:2      | Killed Terence
  1479 | D:2      | Reached skill level 4 in Air Magic
  2149 | D:3      | Reached XP level 5. HP: 38/38 MP: 5/8
  2617 | D:4      | Found a runed translucent door.
  2618 | D:4      | Noticed hgbash's ghost (amateur GrEE)
  2661 | D:4      | HP: 1/38 [orc wizard/+0 dagger (2)]
  2662 | D:4      | Killed from afar by an orc wizard

Illustrated notes

Levels and vault maps discovered:
D:1:      dpeg_arrival_pits, layout_basic, minmay_indecisive_spiral
D:2:      layout_loops_ring, uniq_robin, uniq_terence
D:3:      layout_loops_ring
D:4:      layout_gridville, ebering_ghost_sewer_d, uniq_grinder

Skill      XL: |  1  2  3  4 |
---------------+-------------+-----
Conjurations   | 2 3 |  3.8
Air Magic      | 4 |  4.8
Dodging        | |  1.7
Stealth        | |  1.7
Spellcasting   | |  2.5

Action                   |  1- 3 |  4- 6 || total
-------------------------+-------+-------++-------
Melee: Club              |    46 |     2 ||    48
       Unarmed           |     5 |       ||     5
       Tailslap          |     2 |     2 ||     4
       Flail             |       |    34 ||    34
       War axe           |       |    11 ||    11
 Cast: Shock             |    61 |    50 ||   111
Evoke: Wand              |       |     6 ||     6
  Use: Potion            |       |     2 ||     2
 Stab: Sleeping          |       |     1 ||     1
Armor: Skin              |    26 |    35 ||    61
Dodge: Dodged            |    80 |    50 ||   130
